 Dungeon Crawl Stone Soup version 0.22-a0-135-g6f012ad (webtiles) character file.

131 KristoblXynda the Insei (level 5, 0/33 HPs)
             Began as an Octopode Transmuter on Feb 1, 2018.
             Killed by divine providence
             ... invoked by an orc priest
              (13 damage)
             ... on level 4 of the Dungeon.
             The game lasted 00:03:18 (2969 turns).

KristoblXynda the Insei (Octopode Transmuter)       Turns: 2969, Time: 00:03:19

Health: 0/33       AC:  3    Str: 15    XL:     5   Next: 14%
Magic:  2/8        EV: 13    Int: 16    God:
Gold:   255        SH:  0    Dex: 13    Spells: 4/8 levels left

rFire    . . .     SeeInvis .     - Unarmed
rCold    . . .     Gourm    .   (no shield)
rNeg     . . .     Faith    .   (helmet restricted)
rPois    .         Spirit   .   (no amulet)
rElec    .         Reflect  .   f - +6 ring of strength
rCorr    .         Harm     .   q - +2 ring of protection
MR       .....                  (no ring)
Stlth    ++........             (no ring)
HPRegen  0.11/turn              (no ring)
MPRegen  0.11/turn              (no ring)
                                (no ring)
                                (no ring)

@: very slightly contaminated
A: almost no armour, stealthy swim, amphibious, 8 rings, constrict 8, camouflage
1, gelatinous body 1
a: no special abilities


You were on level 4 of the Dungeon.
You were not hungry.

You visited 1 branch of the dungeon, and saw 4 of its levels.

You collected 255 gold pieces.

Inventory:

Missiles
 a - 12 arrows
Jewellery
 f - a +6 ring of strength (left tentacle)
 q - a +2 ring of protection (right tentacle)
Wands
 d - a wand of random effects (22)
 y - a wand of digging (6)
Scrolls
 e - 3 scrolls of remove curse
 g - a scroll of fog {unknown}
 k - 3 scrolls of teleportation {unknown}
 l - a scroll of random uselessness {unknown}
 o - a scroll of enchant weapon {unknown}
 p - a scroll of noise {unknown}
 t - a scroll of enchant armour {unknown}
 v - a scroll of immolation {unknown}
 w - a scroll of blinking {unknown}
 z - a scroll of magic mapping {unknown}
Potions
 h - 2 potions of ambrosia
 i - a potion of cancellation {unknown}
 j - 3 potions of invisibility
 m - a potion of degeneration {unknown}
 n - 2 potions of lignification {unknown}
 r - 2 potions of might {unknown}
 s - 2 potions of magic
 u - a potion of curing
 x - a potion of flight {unknown}
 A - a potion of agility {unknown}
Books
 b - a book of Changes

   Spells                             Type                      Level
   a - Beastly Appendage              Transmutation                1
   b - Sticks to Snakes               Transmutation                2
   c - Spider Form                    Transmutation/Poison         3
   d - Ice Form                       Ice/Transmutation            4
   e - Blade Hands                    Transmutation                5
Comestibles
 c - 7 rations


   Skills:
 - Level 1.0 Fighting
 - Level 2.0 Dodging
 * Level 5.0 Unarmed Combat
 - Level 2.0 Spellcasting
 + Level 3.3 Transmutations


You had 4 spell levels left.
You knew the following spells:

 Your Spells              Type           Power        Failure   Level  Hunger
a - Beastly Appendage     Tmut           ##....       5%          1    #......
b - Spider Form           Tmut/Pois      #.........   32%         3    ###....


Dungeon Overview and Level Annotations

Branches:
Dungeon (4/15)
 Temple: D:4-7

Altars:
Elyvilon
Qazlal
Vehumet

Annotations:
D:4 Dowan, Duvessa


Innate Abilities, Weirdness & Mutations

You cannot wear most types of armour.
You are very stealthy in the water. (Stealth+)
You are amphibious.
You can wear up to eight rings at the same time.
You can use your tentacles to constrict eight enemies at once.
Your skin changes colour to match your surroundings (Stealth+).
Your rubbery body absorbs attacks. (AC +1, EV +1)


Message History

Confirm with . or Enter, or press ? or * to list all spells.
You miscast Spider Form.
You are very lightly contaminated with residual magic.
Your tentacles glow momentarily.
The worker ant bites you.
Casting: Spider Form (safe; 32% risk of failure)
Confirm with . or Enter, or press ? or * to list all spells.
You don't know that spell.
Unknown command.
The worker ant closely misses you.
You tentacle-slap the worker ant.
You kill the worker ant!
Your Unarmed Combat skill increases to level 5!
You have reached level 5!
You feel agile.
You hear some strange, mumbled words.
A puff of flame appears from out of thin air!
The puff of flame hits you!
The orc priest invokes the aid of Beogh against you.
Beogh smites you!
You die...

###### . # ....# #.##### ..
..>' ....## ... ..# ....# ....
#.# #..# .....
#.############..#######
......##)o.†.@.......)...(....
......)..###########..#.######
......##........) #..#..#
..... ########## ....##.##
.... .....##..# ...
#########.# ## #....# #(...#
#....##


You could see an orc priest.

Vanquished Creatures
  Ijyb (D:3)
  A worker ant (D:4)
  2 adders (D:3)
  An ooze (D:1)
  3 worms
  6 orcs
  4 bats
  A giant cockroach (D:1)
  4 goblins
  5 hobgoblins
  2 jackals (D:1)
  2 quokkas
  3 ball pythons
  3 frilled lizards (D:3)
  6 kobolds
  5 rats
49 creatures vanquished.

Notes
Turn   | Place    | Note
-------+----------+-------------------------------------------
     0 | D:1      | KristoblXynda the Octopode Transmuter began the quest for the Orb.
     0 | D:1      | Reached XP level 1. HP: 13/13 MP: 3/3
   336 | D:1      | Reached XP level 2. HP: 17/18 MP: 5/5
  1056 | D:2      | Reached XP level 3. HP: 22/23 MP: 6/6
  1295 | D:2      | Found a white marble altar of Elyvilon.
  1296 | D:2      | Found a radiant altar of Vehumet.
  1533 | D:3      | Learned a level 3 spell: Spider Form
  1736 | D:3      | Found a stormy altar of Qazlal.
  1737 | D:3      | Noticed an air elemental
  1739 | D:3      | Noticed a water elemental
  1739 | D:3      | Noticed a fire elemental
  1739 | D:3      | Noticed an earth elemental
  1789 | D:3      | Reached skill level 4 in Unarmed Combat
  1972 | D:3      | Noticed Ijyb
  1984 | D:3      | Killed Ijyb
  1984 | D:3      | Reached XP level 4. HP: 28/28 MP: 7/7
  2917 | D:4      | Noticed Duvessa
  2917 | D:4      | Noticed Dowan
  2968 | D:4      | Reached skill level 5 in Unarmed Combat
  2968 | D:4      | Reached XP level 5. HP: 20/33 MP: 2/8
  2969 | D:4      | Killed from afar by an orc priest

Vault maps used:
D:1:      dpeg_arrival_snail
D:2:      gammafunk_temple_overflow_pools, first_ration
D:3:      nicolae_qazlal_style_of_elements, uniq_jessica, uniq_ijyb
D:4:      nrook_loot_triangle, uniq_duvessa

Skill      XL: |  1  2  3  4 |
---------------+-------------+-----
Unarmed Combat | 4 5 |  5.0
Transmutations | 3 |  3.3
Fighting       | |  1.0
Dodging        | |  2.0
Spellcasting   | |  2.0

Action                   |  1- 3 |  4- 6 || total
-------------------------+-------+-------++-------
Melee: Unarmed           |    76 |    30 ||   106
       Constrict         |    21 |     7 ||    28
       Tentacles         |    13 |     4 ||    17
       Kick              |     2 |       ||     2
       Punch             |     4 |       ||     4
 Cast: Beastly Appendage |     4 |       ||     4
       Spider Form       |       |     1 ||     1
  Use: Scroll            |       |     4 ||     4
       Potion            |       |     1 ||     1
 Stab: Sleeping          |     4 |     1 ||     5
  Eat: Chunk             |     3 |     1 ||     4
       Ration            |       |     1 ||     1
Armor: Skin              |     4 |     4 ||     8
Dodge: Dodged            |    39 |    16 ||    55

Table legend:
 A = Spawn XP
 B = Non-spawn XP
 C = Spawn XP percentage of total XP
 D = Spawn monster count
 E = Non-spawn monster count
 F = Spawn count percentage of total count
 G = Total turns spent on level
                    A         B        C        D         E        F      G
               +---------+---------+-------+---------+---------+-------+---------
         Total |       0 |     188 |   0.0 |       0 |      49 |   0.0 |  2969
               +---------+---------+-------+---------+---------+-------+---------
           D:1 |       0 |      32 |   0.0 |       0 |      17 |   0.0 |   983
           D:2 |       0 |       9 |   0.0 |       0 |       5 |   0.0 |   486
           D:3 |       0 |      91 |   0.0 |       0 |      19 |   0.0 |  1200
           D:4 |       0 |      56 |   0.0 |       0 |       8 |   0.0 |   300
               +---------+---------+-------+---------+---------+-------+---------
